 Dungeon Crawl Stone Soup version 0.21-a0-538-gd16b88a (webtiles) character file.

55086 KristoblXynda the Cleaver (level 14, -3/113 HPs)
             Began as a Pale Draconian Gladiator on Dec 16, 2017.
             Was the Champion of Ashenzari.
             Slain by a soul eater (9 damage)
             ... summoned by an orc sorcerer
             ... on level 1 of the Orcish Mines on Dec 17, 2017.
             The game lasted 00:57:09 (25823 turns).

KristoblXynda the Cleaver (DrGl)                   Turns: 25823, Time: 00:57:11

Health: -3/113     AC: 16    Str: 18    XL:     14   Next: 37%
Magic:  25/25      EV: 21    Int: 16    God:    Ashenzari [******]
Gold:   1375       SH:  6    Dex: 15    Spells: 20/28 levels left

rFire    + . .     SeeInvis +   a - +2 war axe (flame) (curse)
rCold    . . .     Gourm    .   y - +0 buckler "Zahi" {rElec rF+ Int+4 SInv} (curse)
rNeg     + . .     Faith    .   (armour unavailable)
rPois    +         Spirit   .   b - +2 hat (curse)
rElec    +         Reflect  .   B - +1 cloak of Music {MR+} (curse)
rCorr    .         Harm     .   G - +1 pair of gloves (curse)
MR       +++++     Clarity  +   z - +1 pair of boots (curse)
Stlth    ++++++....             t - amulet of the Four Winds {rN+ MR+++ Clar} (curse)
HPRegen  0.28/turn              C - +2 ring of dexterity (curse)
MPRegen  0.19/turn              s - ring of poison resistance (curse)

@: short of breath, drained
A: breathe steam, unfitting armour, cold-blooded, AC +8
a: Breathe Steam, Curse Item, Scrying, Transfer Knowledge, Renounce Religion


You were on level 1 of the Orcish Mines.
You worshipped Ashenzari.
Ashenzari was exalted by your worship.
You were not hungry.

You visited 6 branches of the dungeon, and saw 25 of its levels.
You also visited: Labyrinth and Sewer.

You collected 1635 gold pieces.
You spent 260 gold pieces at shops.

Inventory:

Hand Weapons
 a - a cursed +2 war axe of flaming (weapon)
Missiles
 c - 3 throwing nets (quivered)
Armour
 b - a cursed +2 hat (worn)
 y - the cursed +0 buckler "Zahi" (worn) {rElec rF+ Int+4 SInv}
   (You found it on level 2 of the Lair of Beasts)

   It affects your intelligence (+4).
   It protects you from fire.
   It insulates you from electricity.
   It lets you see invisible.
   It has a curse placed upon it.
 z - a cursed +1 pair of boots (worn)
 B - the cursed +1 cloak of Music (worn) {MR+}
   (You found it on level 5 of the Dungeon)

   It affects your resistance to hostile enchantments.
   It has a curse placed upon it.
 G - a cursed +1 pair of gloves (worn)
Jewellery
 s - a cursed ring of poison resistance (right hand)
 t - the cursed amulet of the Four Winds (around neck) {rN+ MR+++ Clar}
   (You found it on level 4 of the Dungeon)

   [amulet of nothing]

   It protects you from negative energy.
   It affects your resistance to hostile enchantments.
   It protects you against confusion.
   It has a curse placed upon it.
 C - a cursed +2 ring of dexterity (left hand)
Wands
 g - a wand of clouds (6)
 m - a wand of iceblast (12)
 r - a wand of digging (22)
 F - a wand of acid (17)
 L - a wand of disintegration (7)
Scrolls
 e - 8 scrolls of amnesia
 h - 6 scrolls of teleportation
 i - 6 scrolls of identify
 A - a scroll of immolation
 D - 3 scrolls of fog
 R - 2 scrolls of magic mapping
Potions
 f - 4 potions of brilliance
 l - 2 potions of haste
 n - a potion of lignification
 q - 3 potions of agility
 u - 3 potions of magic
 v - 2 potions of heal wounds
 w - 3 potions of mutation
 x - 4 potions of curing
 E - 2 potions of ambrosia
 I - a potion of resistance
 O - a potion of flight
Miscellaneous
 K - a phantom mirror
Comestibles
 d - 12 bread rations
 j - 8 meat rations
 o - 5 fruits


   Skills:
 - Level 7.1(7.0) Fighting
 - Level 13.0(16.9) Axes
 - Level 2.3(2.2) Throwing
 - Level 8.3(12.6) Dodging
 - Level 10.1(14.2) Stealth
 - Level 4.3(7.1) Shields
 + Level 7.7(7.5) Spellcasting
 + Level 2.5(6.0) Hexes
 + Level 7.2(11.6) Charms
 + Level 8.1(12.4) Necromancy
 + Level 8.1(12.4) Evocations


You had 20 spell levels left.
You knew the following spells:

 Your Spells              Type           Power        Failure   Level  Hunger
a - Regeneration          Chrm/Necr      #####.....   1%          3    ##.....
b - Blink                 Tloc           N/A          14%         2    None
c - Spectral Weapon       Hex/Chrm       ####....     1%          3    ##.....


Dungeon Overview and Level Annotations

Branches:
Dungeon (14/15)            Temple (1/1) D:7            Lair (6/6) D:9
 Shoals (0/4) Lair:4       Spider (1/4) Lair:2        Slime (0/5) Lair:5
    Orc (2/2) D:10            Elf (1/3) Orc:2
 Vaults: D:13-14

Altars:
Ashenzari
Cheibriados
Dithmenos
Elyvilon
Fedhas
Gozag
Hepliaklqana
Kikubaaqudgha
Makhleb
Nemelex Xobeh
Okawaru
Qazlal
Ru
Sif Muna
Trog
Uskayaw
Vehumet
Wu Jian
Xom
Yredelemnul
Zin
The Shining One
Beogh

Shops:
D:7 [   Orc:2 !**([   Elf:1 ?

Annotations:
D:13 exclusion: oklob plant


Innate Abilities, Weirdness & Mutations

You can breathe blasts of scalding, opaque steam.
Your pale cyan-grey scales are hard. (AC +8)
You cannot fit into any form of body armour.
You are cold-blooded and may be slowed by cold attacks.


Message History

Unknown command.
You hit the orc warrior but do no damage.
The orc warrior is severely wounded.
You hit the sun demon but do no damage.
You hit the soul eater but do no damage.
The orc warrior hits you with a battleaxe!!
* * * LOW HITPOINT WARNING * * *
Unknown command.
Evoke which item? (* to show all) (? for menu, Esc to quit)
Aiming: Corrosive Bolt
Press: ? - help, Shift-Dir - straight line, f - sun demon
Aim: a sun demon (steam, summoned)
The bolt of acid misses the sun demon.
The sun demon hits you!
* * * LOW HITPOINT WARNING * * *
You are engulfed in flames!
You resist.
* * * LOW HITPOINT WARNING * * *
The orc sorcerer is engulfed in a cloud of scalding steam.
The soul eater is engulfed in a cloud of scalding steam.
The soul eater hits you!
You die...

##......#..., ... ,,, ,
#........#.# ..... ,, ,,
##.#.......##..#... , ,
##.................. ,,
,
#...................,,,,
, ##................#.,,
, #.........$$........ ,
#.......[§3§))......
##.......@oo§[..._.. , *
*#.......)3§..)....., ,
#..........[[[...... ,
#...................,,,
##.................. ,
,, ##...............§.,
,, #..................
..................#* **
, ............... * **


You could see a soul eater, a sun demon, an orc sorcerer and an orc warrior.

Vanquished Creatures
  2 orc warlords
  The ghost of Salmacis the Geomancer, a journeyman OpEE of Ru (D:12)
  A minotaur (Lab)
  A vault guard (D:14)
  3 hydras
  Erica (D:8)
  A dancing weapon (Elf:1)
  2 death yaks (Lair:2)
  3 two-headed ogres
  Sonja (D:12)
  A skeletal warrior (D:14)
  3 unseen horrors
  A deep elf archer (Elf:1)
  A wizard (D:9)
  An orc knight (Orc:1)
  Pikel (D:8)
  6 orc sorcerers
  10 deep elf magi
  A manticore (D:13)
  A cyclops (D:12)
  3 black mambas
  A torpor snail (Lair:2)
  6 spiny frogs
  3 centaur skeletons
  A gargoyle (D:13)
  2 komodo dragons
  An efreet (D:14)
  A polar bear (Lair:2)
  5 trolls
  Grinder (D:5)
  12 blink frogs
  11 hippogriffs
  A shadow (D:14)
  2 air elementals (Elf:1)
  32 yaks
  2 wyverns
  A fire elemental (Elf:1)
  3 redbacks (Lair:2)
  A wraith (D:11)
  A basilisk (Lair:3)
  2 hungry ghosts (D:10)
  2 vampire mosquitoes (D:14)
  8 wargs
  Edmund (D:5)
  An acid dragon (D:12)
  2 water moccasins
  A black bear (D:9)
  16 porcupines
  3 ice beasts
  18 orc warriors
  A slave (D:8)
  A hornet zombie (D:14)
  An eye of draining (D:14)
  4 phantoms
  7 ogres
  3 necrophages
  14 centaurs
  6 wolves
  12 crocodiles
  5 big kobolds
  19 bullfrogs
  An earth elemental (Elf:1)
  4 scorpions
  6 killer bees (D:9)
  A troll zombie (D:10)
  An electric eel (D:10)
  9 wights
  2 howler monkeys
  A centaur zombie (D:5)
  2 crimson imps
  3 hounds
  14 jellies
  33 orc wizards
  13 orc priests
  8 iguanas
  4 bullfrog skeletons
  Ijyb (D:5)
  Natasha (thrice) (D:3)
  8 worker ants
  A killer bee zombie (D:9)
  7 ogre zombies (D:10)
  2 hound zombies
  Robin (D:3)
  17 adders
  3 gnolls (Orc:2)
  A howler monkey skeleton (D:4)
  2 shadow imps
  9 oozes
  An adder skeleton (D:5)
  2 worms
  A dart slug (D:2)
  7 leopard geckos
  89 orcs
  17 giant cockroaches
  15 goblins
  11 hobgoblins
  24 jackals
  2 quokkas
  4 ball pythons
  7 bats
  3 frilled lizards
  2 goblin skeletons (D:10)
  2 goblin zombies (D:10)
  A hobgoblin skeleton (D:10)
  2 hobgoblin zombies (D:10)
  31 kobolds
  A leopard gecko skeleton (D:4)
  5 orc skeletons (D:10)
  13 orc zombies (D:10)
  A quokka zombie (D:5)
  7 rats
  A rat zombie (D:7)
  2 fungi (Lair:2)
  A plant (Lair:2)
668 creatures vanquished.

Vanquished Creatures (collateral kills)
  A dancing weapon (Elf:1)
  A deep elf archer (Elf:1)
2 creatures vanquished.

Vanquished Creatures (others)
  A komodo dragon (Lair:5)
  A blink frog (Lair:5)
  A slave (D:10)
  A bush (Lair:5)
  11 fungi
  4 plants
19 creatures vanquished.

Grand Total: 689 creatures vanquished

Notes
Turn   | Place    | Note
-------+----------+-------------------------------------------
     0 | D:1      | KristoblXynda the Draconian Gladiator began the quest for the Orb.
     0 | D:1      | Reached XP level 1. HP: 17/17 MP: 1/1
   256 | D:1      | Found a hide-covered altar of Uskayaw.
   308 | D:1      | Reached XP level 2. HP: 24/24 MP: 2/2
   597 | D:1      | Reached XP level 3. HP: 28/29 MP: 3/3
  1154 | D:2      | Reached skill level 1 in Stealth
  1350 | D:2      | Reached XP level 4. HP: 35/36 MP: 4/4
  1758 | D:3      | Reached skill level 4 in Axes
  1842 | D:3      | Noticed Robin
  1849 | D:3      | Noticed Natasha
  1873 | D:3      | Killed Natasha
  1873 | D:3      | Reached XP level 5. HP: 37/41 MP: 5/5
  1884 | D:3      | Killed Robin
  1888 | D:3      | Noticed Natasha
  1894 | D:3      | Killed Natasha
  2122 | D:3      | Noticed a centaur
  2127 | D:3      | Killed a centaur
  2127 | D:3      | Reached XP level 6. HP: 33/48 MP: 6/6
  2229 | D:3      | Noticed Natasha
  2237 | D:3      | Killed Natasha
  2704 | D:4      | Got a crystal mace
  2713 | D:4      | Reached skill level 5 in Axes
  2715 | D:4      | Identified the +3 mace "Wuaxicse" {antimagic, rElec Str+2 Stlth+} (You found it on level 4 of the Dungeon)
  2719 | D:4      | Found a glowing drain.
  2723 | D:4      | Found the amulet of the Four Winds {rN+ MR+++ Clar}
  2761 | Sewer    | Entered a sewer
  2836 | Sewer    | Your scales start taking on a pale cyan-grey colour.
  2836 | Sewer    | Reached XP level 7. HP: 55/55 MP: 7/7
  3433 | D:4      | Found a shattered altar of Ashenzari.
  3440 | D:4      | Became a worshipper of Ashenzari the Shackled
  3515 | D:4      | Reached skill level 5 in Dodging
  3601 | D:5      | Entered Level 5 of the Dungeon
  3604 | D:5      | Noticed a hungry ghost
  3668 | D:5      | Noticed Grinder
  3697 | D:5      | Killed Grinder
  3697 | D:5      | Reached skill level 6 in Axes
  3886 | D:5      | Reached XP level 8. HP: 47/61 MP: 8/8
  4072 | D:5      | Reached skill level 5 in Stealth
  4103 | D:5      | Noticed Ijyb
  4113 | D:5      | Killed Ijyb
  4221 | D:5      | Noticed Edmund
  4230 | D:5      | Killed Edmund
  4325 | D:5      | Got the uncursed cloak of Music {MR+}
  4336 | D:5      | Identified the +1 cloak of Music {MR+} (You found it on level 5 of the Dungeon)
  4763 | D:6      | Reached skill level 7 in Axes
  5091 | D:6      | Reached skill level 1 in Evocations
  5322 | D:6      | Reached XP level 9. HP: 60/67 MP: 10/10
  5648 | D:6      | Found a deep blue altar of Sif Muna.
  5868 | D:7      | Found Ezapae's Antique Armour Shop.
  5944 | D:7      | Found a staircase to the Ecumenical Temple.
  5956 | Temple   | Entered the Ecumenical Temple
  5977 | Temple   | Reached * piety under Ashenzari
  6272 | D:7      | Found an ancient bone altar of Kikubaaqudgha.
  6457 | D:8      | Reached skill level 8 in Axes
  6737 | D:8      | Noticed Erica
  6788 | D:8      | Found a glowing silver altar of Zin.
  7007 | D:8      | Found a sacrificial altar of Ru.
  7209 | D:8      | Noticed Pikel
  7223 | D:8      | Killed Pikel
  7223 | D:8      | Reached skill level 5 in Evocations
  7330 | D:8      | Killed Erica
  7330 | D:8      | Reached skill level 9 in Axes
  7330 | D:8      | Reached XP level 10. HP: 73/73 MP: 12/14
  7493 | D:9      | Reached ** piety under Ashenzari
  7612 | D:9      | Found a staircase to the Lair.
  7789 | D:9      | Noticed a wizard
  7803 | D:9      | Killed a wizard
  8133 | D:9      | Found a hazy altar of Hepliaklqana.
  8172 | D:10     | Entered Level 10 of the Dungeon
  8471 | D:10     | Reached skill level 10 in Axes
  8498 | D:10     | Found a staircase to the Orcish Mines.
  9012 | D:10     | Noticed a two-headed ogre
  9318 | D:11     | Killed an unseen horror
  9318 | D:11     | Reached XP level 11. HP: 68/82 MP: 16/16
  9676 | D:11     | Reached *** piety under Ashenzari
  9753 | D:11     | Reached skill level 10 in Stealth
 10145 | D:11     | Noticed a two-headed ogre
 10158 | D:11     | Killed a two-headed ogre
 10452 | D:12     | Reached skill level 5 in Fighting
 10789 | D:12     | Noticed a two-headed ogre
 10822 | D:12     | Killed a two-headed ogre
 10822 | D:12     | Reached skill level 11 in Axes
 10835 | D:12     | Noticed Salmacis's ghost (journeyman OpEE)
 11264 | D:12     | Noticed Sonja
 11265 | D:12     | Killed Salmacis's ghost
 11269 | D:12     | Killed Sonja
 11910 | D:13     | Noticed an oklob plant
 12342 | D:13     | Learned a level 3 spell: Regeneration
 12404 | D:13     | Noticed a deep elf mage
 12422 | D:13     | Killed a deep elf mage
 12635 | D:13     | Reached XP level 12. HP: 43/100 MP: 17/17
 13213 | D:13     | Reached skill level 1 in Spellcasting
 13282 | D:14     | Noticed an eight-headed hydra
 13296 | D:14     | Killed an eight-headed hydra
 13434 | D:14     | Reached skill level 1 in Necromancy
 13434 | D:14     | Reached skill level 1 in Charms
 13454 | D:14     | Noticed a two-headed ogre
 13455 | D:14     | Reached skill level 12 in Axes
 13463 | D:14     | Noticed a vault guard
 13466 | D:14     | Killed a two-headed ogre
 13467 | D:14     | Noticed a vault guard
 13497 | D:14     | Noticed a tengu warrior
 13498 | D:14     | Noticed a vault guard
 13525 | D:14     | Killed a vault guard
 13567 | D:14     | Noticed a vault guard
 13858 | Lair:1   | Entered Level 1 of the Lair of Beasts
 13885 | Lair:1   | Learned a level 2 spell: Blink
 13889 | Lair:1   | Learned a level 3 spell: Spectral Weapon
 13902 | Lair:1   | Reached **** piety under Ashenzari
 14054 | Lair:1   | Noticed an eight-headed hydra
 14067 | Lair:1   | Killed a nine-headed hydra
 14365 | Lair:1   | Identified a scroll of acquirement
 15037 | Lair:2   | Noticed a death yak
 15124 | Lair:2   | Reached skill level 1 in Shields
 15212 | Lair:2   | Noticed a death yak
 15320 | Lair:2   | Noticed a six-headed hydra
 15333 | Lair:2   | Killed a six-headed hydra
 15632 | Lair:2   | Reached ***** piety under Ashenzari
 15937 | Lair:2   | Got the uncursed buckler "Zahi" {rElec rF+ Int+4 SInv}
 15966 | Lair:2   | Identified the +0 buckler "Zahi" {rElec rF+ Int+4 SInv} (You found it on level 2 of the Lair of Beasts)
 16155 | Lair:2   | Found a hole to the Spider Nest.
 16411 | Lair:2   | Reached XP level 13. HP: 102/105 MP: 20/20
 16621 | Lair:2   | Reached skill level 5 in Spellcasting
 16621 | Lair:2   | Reached skill level 5 in Necromancy
 17203 | Spider:1 | Entered Level 1 of the Spider Nest
 17279 | Lair:3   | Found a labyrinth entrance.
 17288 | Lab      | Entered a labyrinth
 17693 | Lab      | Noticed a minotaur
 17703 | Lab      | Killed a minotaur
 18079 | Lair:3   | Reached skill level 5 in Charms
 19123 | Lair:4   | Got the cursed hand axe "Qaodgh" {elec, rElec rC- Int+2}
 20070 | Lair:4   | Found a staircase to the Shoals.
 20233 | Lair:5   | Reached ****** piety under Ashenzari
 20233 | Lair:5   | Found a staircase to the Slime Pits.
 21313 | Lair:6   | Entered Level 6 of the Lair of Beasts
 21509 | Orc:1    | Entered Level 1 of the Orcish Mines
 21509 | Orc:1    | Noticed an orc warlord
 21524 | D:10     | Killed an orc warlord
 22232 | Orc:2    | Entered Level 2 of the Orcish Mines
 22659 | Orc:2    | Found Essuqeih's General Store.
 22659 | Orc:2    | Found Icutocw's Distillery.
 23109 | Orc:2    | Reached XP level 14. HP: 111/113 MP: 24/24
 23163 | Orc:2    | Found Gyleh's Armour Shop.
 23163 | Orc:2    | Found Cibreaw's Weapon Emporium.
 23204 | Orc:2    | Reached skill level 13 in Axes
 23225 | Orc:2    | Found a staircase to the Elven Halls.
 23248 | Orc:2    | Found a roughly hewn altar of Beogh.
 23418 | Orc:2    | Found Fileytis's General Store.
 23426 | Orc:2    | Bought a scroll of brand weapon for 260 gold pieces
 23697 | Elf:1    | Entered Level 1 of the Elven Halls
 23780 | Elf:1    | Reached skill level 1 in Hexes
 24085 | Elf:1    | Found Ibofria's Magic Scroll Shoppe.
 25492 | Orc:1    | Found a bloodstained altar of Trog.
 25492 | Orc:1    | Noticed an orc warlord
 25502 | Orc:1    | Killed an orc warlord
 25823 | Orc:1    | Slain by a soul eater

Vault maps used:
D:1:      sevenhm_arrival_forest_fort_small_6
D:3:      minmay_roachtagon, uniq_natasha, uniq_robin
D:4:      lemuel_round_altar, gup_sewer_entry_glass, first_bread
D:5:      uniq_ijyb, uniq_edmund, uniq_grinder
D:6:      lemuel_blue_sif_altar
D:7:      lemuel_zombie_altar_kikubaaqudgha, minmay_temple_entry_glass,
          serial_shops, shop
D:8:      zin_statuary, hangedman_ru_absence, blue_anna_alchemist, uniq_pikel,
          uniq_erica
D:9:      lemuel_coloured_pillars_altar, dpeg_oklobed_lair, kennysheep_potato
D:10:     zombieorc2_lemuel, hive_lemuel
D:12:     uniq_sonja
D:13:     lemuel_slime, corexii_checkpoint_b
D:14:     lightli_vaults_fourway_checkpoint, minmay_misc_feat_four_crosses
Temple:   lightli_temple_of_artemis
Lair:2:   spider_nest_entry_webs, hibernation_bobbens, grunt_megastairs_3
Lair:3:   lab_entry_generic, beast_lair_carwin_8, serial_bayou_shore_b
Lair:4:   minmay_shoals_entry_centaurs, minmay_hedge_maze, serial_bayou_shore_b,
          serial_bayou_shore_b
Lair:5:   nicolae_slime_entry_slimehenge
Lair:6:   due_jungle_book, serial_bayou_shore_a
Orc:1:    serial_shops, shop, basic_altar
Orc:2:    st_orc_town, serial_shops, shop
Elf:1:    minmay_the_grid_3x3, serial_shops, nicolae_shop_statue_plus,
          st_stairs_9, patterned_corridor
Lab:      nicolae_lab_quarters, labyrinth_skeletal_remains
Sewer:    sewer_the_crocodile

Skill      XL: |  1  2  3  4  5  6  7  8  9 10 11 12 13 14 |
---------------+-------------------------------------------+-----
Throwing       | 2 |  2.3
Dodging        | 3 4 5 6 8 |  8.3
Stealth        | 1 2 3 4 6 8 9 10 | 10.1
Axes           | 4 5 6 7 9 10 11 12 13 | 13.0
Evocations     | 2 5 7 8 |  8.1
Fighting       | 3 7 |  7.1
Spellcasting   | 4 7 |  7.7
Necromancy     | 4 7 8 |  8.1
Charms         | 4 6 7 |  7.2
Shields        | 2 4 |  4.3
Hexes          | 2 |  2.5

Action                   |  1- 3 |  4- 6 |  7- 9 | 10-12 | 13-15 || total
-------------------------+-------+-------+-------+-------+-------++-------
Melee: War axe           |    91 |   188 |   354 |   712 |   868 ||  2213
       Tailslap          |     8 |    26 |    48 |   132 |   145 ||   359
       Whip              |       |       |       |    94 |       ||    94
 Cast: Regeneration      |       |       |       |       |     3 ||     3
Invok: Curse Item        |       |       |     3 |     4 |     2 ||     9
 Abil: Breathe Steam     |       |       |     5 |    15 |    22 ||    42
Evoke: Wand              |       |     1 |    10 |    27 |    20 ||    58
       Box of beasts     |       |       |       |       |     1 ||     1
  Use: Potion            |     1 |     2 |     1 |     4 |     5 ||    13
       Scroll            |       |     6 |    10 |    11 |     4 ||    31
 Stab: Sleeping          |     1 |     4 |    15 |    21 |    14 ||    55
       Paralysed         |       |     5 |    11 |    15 |       ||    31
       Distracted        |       |       |       |     1 |     2 ||     3
  Eat: Chunk             |     1 |     6 |     3 |    18 |    19 ||    47
       Fruit             |       |       |     3 |    14 |    10 ||    27
       Royal jelly       |       |       |     2 |     2 |       ||     4
       Meat ration       |       |       |     1 |       |     1 ||     2
Armor: Skin              |    35 |    85 |   120 |   238 |   206 ||   684
Dodge: Dodged            |    86 |   172 |   286 |   693 |   769 ||  2006
Block: Buckler           |       |       |       |    14 |   218 ||   232

Table legend:
 A = Spawn XP
 B = Non-spawn XP
 C = Spawn XP percentage of total XP
 D = Spawn monster count
 E = Non-spawn monster count
 F = Spawn count percentage of total count
 G = Total turns spent on level
                    A         B        C        D         E        F      G
               +---------+---------+-------+---------+---------+-------+---------
         Total |       0 |   78695 |   0.0 |       0 |     667 |   0.0 | 25823
               +---------+---------+-------+---------+---------+-------+---------
           D:1 |       0 |      43 |   0.0 |       0 |      20 |   0.0 |   734
           D:2 |       0 |      86 |   0.0 |       0 |      27 |   0.0 |   951
           D:3 |       0 |     337 |   0.0 |       0 |      41 |   0.0 |   980
           D:4 |       0 |     392 |   0.0 |       0 |      28 |   0.0 |   855
           D:5 |       0 |    1066 |   0.0 |       0 |      18 |   0.0 |  1060
           D:6 |       0 |     966 |   0.0 |       0 |      27 |   0.0 |  1037
           D:7 |       0 |     401 |   0.0 |       0 |      16 |   0.0 |   567
           D:8 |       0 |    2375 |   0.0 |       0 |      13 |   0.0 |   999
           D:9 |       0 |    2921 |   0.0 |       0 |      34 |   0.0 |   792
          D:10 |       0 |    4597 |   0.0 |       0 |      76 |   0.0 |  1605
          D:11 |       0 |    3774 |   0.0 |       0 |      13 |   0.0 |  1263
          D:12 |       0 |    4591 |   0.0 |       0 |      15 |   0.0 |  1242
          D:13 |       0 |    3993 |   0.0 |       0 |      32 |   0.0 |  1817
          D:14 |       0 |    7200 |   0.0 |       0 |      24 |   0.0 |   360
        Lair:1 |       0 |    3344 |   0.0 |       0 |      14 |   0.0 |  1209
        Lair:2 |       0 |    8458 |   0.0 |       0 |      30 |   0.0 |  2211
        Lair:3 |       0 |    6291 |   0.0 |       0 |      30 |   0.0 |  1464
        Lair:4 |       0 |    3992 |   0.0 |       0 |      23 |   0.0 |  1169
        Lair:5 |       0 |    3532 |   0.0 |       0 |      17 |   0.0 |  1105
         Orc:1 |       0 |    5362 |   0.0 |       0 |      52 |   0.0 |   230
         Orc:2 |       0 |    5659 |   0.0 |       0 |      93 |   0.0 |  1852
         Elf:1 |       0 |    8144 |   0.0 |       0 |      17 |   0.0 |  1654
           Lab |       0 |    1058 |   0.0 |       0 |       1 |   0.0 |   436
         Sewer |       0 |     113 |   0.0 |       0 |       6 |   0.0 |   121
               +---------+---------+-------+---------+---------+-------+---------
